 Dungeon Crawl Stone Soup version 0.25-a0-661-g55ea3d2053 (webtiles) character file.

Game seed: 4161168376383843363, levelgen mode: deterministic

757 kae the Insei (level 7, -3/48 HPs)
             Began as a Merfolk Transmuter on Mar 23, 2020.
             Was a Follower of Wu Jian.
             Killed from afar by an orc wizard (9 damage)
             ... with a magic dart
             ... on level 5 of the Dungeon.
             The game lasted 00:04:18 (6173 turns).

kae the Insei (Merfolk Transmuter)                  Turns: 6173, Time: 00:04:19

Health: -3/48      AC:  2    Str: 10    XL:     7   Next: 79%
Magic:  10/13      EV: 21    Int: 14    God:    Wu Jian [*.....]
Gold:   203        SH:  0    Dex: 20    Spells: 8/14 levels left

rFire    . . .     SeeInvis +     - Unarmed
rCold    . . .     Gourm    +   (shield currently unavailable)
rNeg     . . .     Faith    .   (armour currently unavailable)
rPois    x         Spirit   .   (helmet currently unavailable)
rElec    .         Reflect  .   (cloak currently unavailable)
rCorr    .         Harm     .   (gloves currently unavailable)
MR       .....                  (boots currently unavailable)
Stlth    ++........             i - amulet of the gourmand
HPRegen  0.16/turn              l - ring of see invisible
MPRegen  0.13/turn              (no ring)

@: spider-form (expiring)
A: tiny, (change form in water), (swift swim), (stealthy swim)
a: End Transformation, Renounce Religion


You were on level 5 of the Dungeon.
You worshipped Wu Jian.
Wu Jian was aware of your devotion.
You were full.
You were a venomous arachnid creature.
You visited 2 branches of the dungeon, and saw 6 of its levels.

You collected 203 gold pieces.

Inventory:

Missiles
 a - 69 arrows
Armour
 b - a +0 robe (melded)
 f - a +0 pair of boots (melded)
Jewellery
 i - an amulet of the gourmand (around neck)
 l - a ring of see invisible (left front leg)
 n - an uncursed amulet of guardian spirit
Wands
 p - a wand of random effects (11)
Scrolls
 e - 3 scrolls of teleportation
 q - a scroll of remove curse
Potions
 c - 2 potions of lignification
 g - a potion of resistance {unknown}
 h - 2 potions of curing {unknown}
 k - a potion of might {unknown}
 m - a potion of magic
 o - 4 potions of heal wounds {unknown}
 s - a potion of flight {unknown}
 t - a potion of haste {unknown}
 u - 2 potions of degeneration {unknown}
 v - a potion of invisibility {unknown}
Comestibles
 d - 8 rations


   Skills:
 - Level 1.1 Fighting
 - Level 2.6 Dodging
 * Level 7.3 Unarmed Combat
 + Level 4.2 Spellcasting
 + Level 6.0 Transmutations


You had 8 spell levels left.
You knew the following spells:

 Your Spells              Type           Power        Failure   Level  Hunger
a - Beastly Appendage     Tmut           ###...       7%          1    None
b - Sticks to Snakes      Tmut           ###.....     10%         2    ##.....
c - Spider Form           Tmut/Pois      ##........   36%         3    ###....

Your spell library contained the following spells:

 Spells                   Type           Power        Failure   Level  Hunger
 Animate Skeleton         Necr           N/A          38%         1    None
 Apportation              Tloc           #.....       38%         1    None
 Corona                   Hex            #......      38%         1    None
 Magic Dart               Conj           #...         38%         1    None
 Summon Small Mammal      Summ           #...         38%         1    None
 Blink                    Tloc           N/A          50%         2    ##.....
 Call Imp                 Summ           #.......     50%         2    ##.....
 Slow                     Hex            #.......     50%         2    ##.....
 Blade Hands              Tmut           ###.......   63%         5    ######.
 Conjure Flame            Conj/Fire      #.......     71%         3    ###....
 Mephitic Cloud           Conj/Pois/Air  #.......     71%         3    ###....
 Ice Form                 Ice/Tmut       ##......     71%         4    ####...


Dungeon Overview and Level Annotations

Branches:
Dungeon (5/15)             Temple (1/1) D:4

Altars:
Ashenzari
Cheibriados
Dithmenos
Elyvilon
Fedhas
Gozag
Hepliaklqana
Kikubaaqudgha
Makhleb
Nemelex Xobeh
Okawaru
Qazlal
Ru
Sif Muna
Trog
Uskayaw
Vehumet
Wu Jian
Xom
Yredelemnul
Zin
The Shining One


Message History

The orc wizard completely misses you. x2; The orc misses you.
You spin and attack the orc repeatedly.
You bite the orc!
You kill the orc!
The Council accepts your kill.
You hit the orc wizard but do no damage.
The orc wizard is poisoned.
The orc wizard is heavily wounded.
The orc wizard closely misses you.
The orc wizard hits you but does no damage.
The orc completely misses you. The orc wizard barely misses you.
You hit the orc wizard but do no damage.
The orc wizard looks as sick as possible!
The orc wizard is heavily wounded.
The orc wizard completely misses you. The orc wizard misses you.
The orc hits you with a +0 war axe!
* * * LOW HITPOINT WARNING * * *
Your transformation is almost over.
The orc wizard gestures at you while chanting.
The magic dart hits you!
You die...

#...........# #.#
#...........# #.#
############# #.# ..
........# ###.###.#.
........# #.......#.
........# #####.#.#####.
.[......# #.....#.....#.
.......o#####.#########.#.
.......o.s....#.........#.
.......o......#...........
..............+...........
....$.........###########.
######........# #.
#........# #. #........#
#. #........# ##


You could see 2 orc wizards and an orc.

Vanquished Creatures
  A sky beast (D:5)
  An ice beast (D:5)
  An ogre (D:4)
  A scorpion (D:5)
  A howler monkey (D:4)
  A crimson imp (D:5)
  A jelly (D:5)
  A bullfrog skeleton (D:4)
  A hound (D:4)
  An orc priest (D:4)
  An orc wizard (D:4)
  A worker ant (D:5)
  A gnoll (D:4)
  A howler monkey skeleton (D:4)
  6 adders
  A shadow imp (D:4)
  2 oozes
  4 adder skeletons
  3 worms
  A dart slug (D:5)
  6 leopard geckos
  4 orcs
  5 giant cockroaches
  A goblin (D:3)
  8 hobgoblins
  3 jackals (D:1)
  2 quokkas
  7 bats
  7 frilled lizards
  A jackal zombie (D:5)
  9 kobolds
  2 leopard gecko skeletons
  12 rats
98 creatures vanquished.

Vanquished Creatures (collateral kills)
  An adder (D:2)
  A worm (D:4)
2 creatures vanquished.

Vanquished Creatures (others)
  4 toadstools (D:1)
4 creatures vanquished.

Grand Total: 104 creatures vanquished

Notes
Turn   | Place    | Note
-------+----------+-------------------------------------------
     0 | D:1      | kae the Merfolk Transmuter began the quest for the Orb.
     0 | D:1      | Reached XP level 1. HP: 15/15 MP: 3/3
   208 | D:1      | Reached XP level 2. HP: 18/21 MP: 3/5
   614 | D:1      | Reached skill level 4 in Unarmed Combat
   614 | D:1      | Reached XP level 3. HP: 23/26 MP: 4/6
  1902 | D:2      | Found a glowing golden altar of the Shining One.
  1903 | D:2      | Found a shimmering blue altar of Sif Muna.
  1969 | D:2      | Learned a level 2 spell: Sticks to Snakes
  1973 | D:2      | Learned a level 3 spell: Spider Form
  1981 | D:2      | Reached XP level 4. HP: 29/32 MP: 4/7
  2516 | D:3      | Found a basalt altar of Yredelemnul.
  2516 | D:3      | Found a shimmering altar of Xom.
  3340 | D:3      | Reached XP level 5. HP: 37/37 MP: 7/9
  3455 | D:3      | Reached skill level 5 in Unarmed Combat
  3485 | D:3      | Found a blossoming altar of Fedhas.
  4012 | D:4      | Found a staircase to the Ecumenical Temple.
  4042 | Temple   | Entered the Ecumenical Temple
  4200 | Temple   | Became a worshipper of the Wu Jian Council
  4508 | D:4      | Noticed an ogre
  4519 | D:4      | Killed an ogre
  4519 | D:4      | Reached XP level 6. HP: 28/43 MP: 6/11
  4893 | D:4      | Found a white marble altar of Elyvilon.
  4956 | D:4      | Reached skill level 6 in Unarmed Combat
  5118 | D:4      | Reached skill level 5 in Transmutations
  5267 | D:5      | Entered Level 5 of the Dungeon
  5279 | D:5      | Reached XP level 7. HP: 41/48 MP: 9/12
  5791 | D:5      | Reached skill level 7 in Unarmed Combat
  6071 | D:5      | Reached * piety under Wu Jian
  6173 | D:5      | Killed from afar by an orc wizard

Levels and vault maps discovered:
D:1:      ldierk_water_garden, layout_basic, wad_floor_pattern_untrapped
D:2:      layout_loops_ring, minitemple, minmay_tiny_reverse_x
D:3:      layout_basic, fedhas_altar_3, gammafunk_temple_overflow_pools,
          first_ration
D:4:      layout_basic, marbit_many_paths, minmay_temple_entry_statues,
          kennysheep_generic_room_7
D:5:      layout_basic, corexii_shack
Temple:   eino_temple_scatter_basement

Skill      XL: |  1  2  3  4  5  6  7 |
---------------+----------------------+-----
Transmutations | 3 4 5 6 |  6.0
Unarmed Combat | 4 5 6 7 |  7.3
Spellcasting   | 3 4 |  4.2
Fighting       | |  1.1
Dodging        | |  2.6

Action                   |  1- 3 |  4- 6 |  7- 9 || total
-------------------------+-------+-------+-------++-------
Melee: Unarmed           |   133 |   141 |    58 ||   332
       Headbutt          |    20 |    11 |     3 ||    34
       Punch             |     3 |       |       ||     3
 Cast: Beastly Appendage |    21 |    23 |     3 ||    47
       Sticks to Snakes  |     1 |     3 |       ||     4
       Spider Form       |       |     5 |     9 ||    14
Invok: Lunge             |       |     3 |     4 ||     7
       Whirlwind         |       |       |     1 ||     1
  Use: Scroll            |       |     9 |       ||     9
 Stab: Sleeping          |     1 |     3 |       ||     4
  Eat: Chunk             |     6 |    18 |       ||    24
Armor: Robe              |    40 |    20 |       ||    60
       Skin              |       |       |     3 ||     3
Dodge: Dodged            |   116 |    81 |    51 ||   248

Table legend:
 A = Non-vault XP
 B = Vault XP
 C = Vault XP percentage of total XP
 D = Non-vault monster count
 E = Vault monster count
 F = Vault count percentage of total count
                 A         B        C        D         E       F
            +---------+---------+-------+---------+---------+-------
      Total |    1005 |      77 |   7.1 |      96 |       4 |   4.0
            +---------+---------+-------+---------+---------+-------
        D:1 |      58 |       0 |   0.0 |      32 |       0 |   0.0
        D:2 |      28 |       7 |  20.0 |      13 |       2 |  13.3
        D:3 |      91 |       0 |   0.0 |      18 |       0 |   0.0
        D:4 |     349 |      70 |  16.7 |      17 |       2 |  10.5
        D:5 |     479 |       0 |   0.0 |      16 |       0 |   0.0
            +---------+---------+-------+---------+---------+-------
